 Dungeon Crawl Stone Soup version 0.22.0-36-g8e74550 (webtiles) character file.

160 iamserjio the Ruffian (level 5, 0/50 HPs)
             Began as a Troll Fighter on Aug 24, 2018.
             Was an Initiate of Okawaru.
             Slain by a worker ant (6 damage)
             ... on level 5 of the Dungeon.
             The game lasted 00:03:41 (542 turns).

iamserjio the Ruffian (Troll Fighter)                Turns: 542, Time: 00:03:42

Health: 0/50       AC:  5    Str: 29    XL:     5   Next: 17%
Magic:  4/4        EV:  8    Int:  5    God:    Okawaru [......]
Gold:   98         SH:  9    Dex:  7    Spells: 4/4 levels left

rFire    . . .     SeeInvis .     - Unarmed
rCold    . . .     Gourm    +   b - +0 shield
rNeg     . . .     Faith    .   a - +0 robe
rPois    .         Spirit   .   (helmet restricted)
rElec    .         Reflect  .   (no cloak)
rCorr    .         Harm     .   (gloves unavailable)
MR       .....                  (boots unavailable)
Stlth    +.........             (no amulet)
HPRegen  0.56/turn              e - -2 ring of dexterity (curse)
MPRegen  0.09/turn              (no ring)

@: mighty
A: large, unfitting armour, claws 3, fast metabolism 3, gourmand, regeneration
1, shaggy fur 1, tough skin 2
a: Renounce Religion


You were on level 5 of the Dungeon.
You worshipped Okawaru.
Okawaru was noncommittal.
You were not hungry.

You visited 1 branch of the dungeon, and saw 5 of its levels.

You collected 98 gold pieces.

Inventory:

Armour
 a - a +0 robe (worn)
 b - a +0 shield (worn)
Jewellery
 e - a cursed -2 ring of dexterity (left claw)
 l - an uncursed ring of protection from fire {unknown}
Scrolls
 g - a scroll of magic mapping {unknown}
 h - a scroll of fear {unknown}
Potions
 f - a potion of resistance {unknown}
 i - 2 potions of heal wounds {unknown}
 j - a potion of magic {unknown}
 k - a potion of invisibility {unknown}
Comestibles
 d - 4 rations


   Skills:
 - Level 2.4 Fighting
 - Level 2.4 Dodging
 + Level 3.3 Shields
 * Level 4.6 Unarmed Combat


You had 4 spell levels left.
You didn't know any spells.
Your spell library was empty.

Dungeon Overview and Level Annotations

Branches:
Dungeon (5/15)
 Temple: D:4-7

Altars:
Hepliaklqana
Okawaru
Vehumet


Innate Abilities, Weirdness & Mutations

You are too large for most types of armour.
You have claws for hands.
Your metabolism is lightning-fast.
You like to eat raw meat.
Your natural rate of healing is unusually fast.
You are covered in fur. (AC +1)
You have very tough skin. (AC +2)


Message History

Unknown command.
You claw the orc priest!
The orc priest is heavily wounded.
A worker ant comes into view.
You scratch the orc priest.
The orc priest is severely wounded.
The orc priest calls down the wrath of Beogh upon you.
You barely resist. You closely miss the orc priest.
The orc priest is heavily wounded.
You block the orc priest's attack.
You barely miss the orc priest.
The orc priest is heavily wounded.
The orc priest closely misses you.
You claw the orc priest!
You kill the orc priest!
Okawaru accepts your kill.
You have reached level 5!
You closely miss the worker ant. The worker ant bites you.
You die...

...oo ..o.
.... ... #
#.# .#.#
##.##....#
#.....#
#####..#
#.?@a.<#
#.###.## #
#... #####


You could see a worker ant.

Vanquished Creatures
  An orc priest (D:5)
  2 orc wizards (D:5)
  An adder (D:2)
  2 worms
  A leopard gecko (D:3)
  6 orcs (D:5)
  16 giant cockroaches
  A goblin (D:3)
  4 hobgoblins
  2 jackals (D:3)
  4 kobolds
  A quokka (D:4)
  2 frilled lizards (D:2)
  5 rats (D:1)
48 creatures vanquished.

Notes
Turn   | Place    | Note
-------+----------+-------------------------------------------
     0 | D:1      | iamserjio the Troll Fighter began the quest for the Orb.
     0 | D:1      | Reached XP level 1. HP: 22/22 MP: 0/0
   105 | D:1      | Reached XP level 2. HP: 29/29 MP: 1/1
   223 | D:2      | Reached skill level 3 in Unarmed Combat
   241 | D:2      | Reached XP level 3. HP: 22/36 MP: 2/2
   327 | D:2      | You fall through a shaft!
   390 | D:3      | Found a radiant altar of Vehumet.
   435 | D:3      | Found an iron altar of Okawaru.
   456 | D:3      | Became a worshipper of Warmaster Okawaru
   496 | D:4      | Found a hazy altar of Hepliaklqana.
   506 | D:5      | Entered Level 5 of the Dungeon
   514 | D:5      | Reached skill level 4 in Unarmed Combat
   514 | D:5      | Reached XP level 4. HP: 44/44 MP: 3/3
   536 | D:5      | HP: 2/44 [orc priest/divine providence (13)]
   541 | D:5      | Reached XP level 5. HP: 5/50 MP: 4/4
   542 | D:5      | Slain by a worker ant

Skill      XL: |  1  2  3 |
---------------+----------+-----
Unarmed Combat | 3 4 |  4.6
Shields        | 3 |  3.3
Fighting       | |  2.4
Dodging        | |  2.4

Action                   |  1- 3 |  4- 6 || total
-------------------------+-------+-------++-------
Melee: Unarmed           |   145 |    27 ||   172
  Use: Potion            |       |     1 ||     1
  Eat: Chunk             |     3 |       ||     3
Armor: Robe              |    59 |     1 ||    60
Dodge: Dodged            |    54 |     5 ||    59
Block: Shield            |    69 |     6 ||    75
